 Dungeon Crawl Stone Soup version 0.21.1-76-ge1a4835 (webtiles) character file.

439 raph the Skirmisher (level 6, -10/56 HPs)
             Began as a Minotaur Abyssal Knight on Aug 20, 2018.
             Was a Believer of Lugonu.
             Killed by divine providence
             ... invoked by an orc priest
              (15 damage)
             ... on level 4 of the Dungeon.
             The game lasted 00:06:51 (4427 turns).

raph the Skirmisher (Minotaur Abyssal Knight)       Turns: 4427, Time: 00:06:55

Health: -10/56     AC:  7    Str: 16    XL:     6   Next: 70%
Magic:  7/7        EV: 17    Int:  9    God:    Lugonu [**....]
Gold:   152        SH:  0    Dex: 17    Spells: 5/5 levels left

rFire    . . .     SeeInvis .   a - +2 falchion
rCold    + . .     Gourm    .   (no shield)
rNeg     . . .     Faith    .   f - +2 ring mail {rC+}
rPois    .         Spirit   .   (helmet restricted)
rElec    .         Reflect  .   (no cloak)
rCorr    .         Harm     .   (no gloves)
MR       .....                  (no boots)
Stlth    ++........             (no amulet)
HPRegen  0.18/turn              g - ring of flight
MPRegen  0.10/turn              (no ring)

@: agile, lethally poisoned (-10 -> -12), very slightly contaminated, hasted,
very quick
A: retaliatory headbutt, horns 2
a: Depart the Abyss, Bend Space, Renounce Religion, Evoke Flight


You were on level 4 of the Dungeon.
You worshipped Lugonu.
Lugonu was pleased with you.
You were not hungry.

You visited 1 branch of the dungeon, and saw 4 of its levels.
You visited the Abyss 1 time.

You collected 152 gold pieces.

Inventory:

Hand Weapons
 a - a +2 falchion (weapon)
Missiles
 n - 5 tomahawks (quivered)
Armour
 b - a +0 leather armour
 e - a +0 ring mail
 f - a +2 ring mail of cold resistance (worn)
Jewellery
 g - a ring of flight (left hand)
 k - an uncursed ring of ice
Scrolls
 d - 2 scrolls of identify
 p - a scroll of fog
Potions
 i - a potion of cancellation
 j - a potion of resistance
 l - 2 potions of haste
 m - a potion of flight
 q - a potion of agility
Books
 h - a book of Minor Magic

   Spells                             Type                      Level
   a - Magic Dart                     Conjuration                  1
   b - Blink                          Translocation                2
   c - Call Imp                       Summoning                    2
   d - Slow                           Hexes                        2
   e - Conjure Flame                  Conjuration/Fire             3
   f - Mephitic Cloud                 Conjuration/Poison/Air       3
Comestibles
 c - 6 rations
 o - 2 chunks of flesh


   Skills:
 + Level 5.3 Fighting
 * Level 5.3 Long Blades
 + Level 4.1 Armour
 + Level 3.0 Dodging
 + Level 3.1 Invocations


You had 5 spell levels left.
You didn't know any spells.

Dungeon Overview and Level Annotations

Branches:
Dungeon (4/15)
 Temple: D:4-7

Altars:
Fedhas
Ru
Sif Muna


Innate Abilities, Weirdness & Mutations

You reflexively headbutt those who attack you in melee.
You have a pair of horns on your head.


Message History

The orc priest misses you. The worker ant bites you.
* * * LOW HITPOINT WARNING * * *
Something hits you.
* * * LOW HITPOINT WARNING * * *
You're too confused!
You hit the orc wizard.
The orc wizard is heavily wounded.
The orc wizard barely misses you.
You bump into the rock wall.
The orc wizard hits you but does no damage.
The worker ant barely misses you. The orc priest barely misses you.
Something hits you but does no damage.
It was a potion of agility.
You feel agile all of a sudden.
You feel less confused.
The orc wizard points at you and mumbles some strange words.
You resist with some effort. The worker ant closely misses you.
You furiously retaliate!
You headbutt the worker ant.
The orc priest mumbles some strange prayers to Beogh against you.
Beogh smites you!
You die...

#..# #...## **...** ****,,,* ..##
#...### *....,***,,,,,** ..#
#.....#####....,,,,,,,,,* .##
#>.............,,,,,,,,,* .#
#..............,,,,,,,,,* ##
*#......%...##,,,,,,,,,,,** #
#..........##***,,,,,,,,,,, #
#........o## **,,,,,,,,,,
*#....##.†{@# ***,,,***** #
###...#####)oa#* ****,,******
####.....## ##...#***,,,,***≈≈≈≈
..........##**##...#,,,,,***≈≈≈≈≈
............,,,......,,,,,,,≈≈,,,
#...........,,,>.......,,,,≈≈,,,,
##..........,,,........,,,≈,,,,≈≈
##...†..####*,.........,,,≈,,≈≈,,
#......##* **,,,#..##..,,,,≈≈,,,,


You could see a worker ant, an orc priest and an orc wizard.

Vanquished Creatures
  An ogre (D:4)
  A howler monkey (D:4)
  2 orc priests
  A bullfrog skeleton (D:4)
  2 iguanas (D:4)
  A worker ant (D:4)
  6 adders
  2 worms
  2 dart slugs (D:2)
  A leopard gecko (D:3)
  16 orcs
  7 bats
  4 giant cockroaches
  9 goblins
  5 hobgoblins
  4 jackals (D:2)
  5 kobolds
  2 quokkas
  A ball python (D:1)
  4 frilled lizards
  A leopard gecko skeleton (D:4)
  6 rats
83 creatures vanquished.

Notes
Turn   | Place    | Note
-------+----------+-------------------------------------------
     0 | Abyss:1  | raph the Minotaur Abyssal Knight began the quest for the Orb.
     0 | Abyss:1  | Reached XP level 1. HP: 19/19 MP: 1/1
    35 | Abyss:1  | Found a radiant altar of Vehumet.
   100 | Abyss:1  | Found a radiant altar of Vehumet.
   137 | Abyss:1  | Noticed a large abomination
   137 | Abyss:1  | Noticed a titan simulacrum
   145 | Abyss:1  | Noticed a smoke demon
   153 | Abyss:1  | Noticed a smoke demon
   156 | D:1      | Escaped the Abyss
   405 | D:1      | Reached XP level 2. HP: 27/27 MP: 2/2
   406 | D:1      | Reached * piety under Lugonu
  1079 | D:2      | Reached XP level 3. HP: 33/33 MP: 3/3
  1632 | D:2      | Reached XP level 4. HP: 28/41 MP: 4/4
  2638 | D:3      | Reached ** piety under Lugonu
  3229 | D:3      | Reached XP level 5. HP: 43/47 MP: 5/5
  3377 | D:3      | Found a blossoming altar of Fedhas.
  3782 | D:4      | Noticed an ogre
  3790 | D:4      | Killed an ogre
  3790 | D:4      | Reached skill level 5 in Fighting
  3970 | D:4      | Found a sacrificial altar of Ru.
  3983 | D:4      | Reached XP level 6. HP: 35/56 MP: 7/7
  4100 | D:4      | Found a deep blue altar of Sif Muna.
  4286 | D:4      | Reached skill level 5 in Long Blades
  4427 | D:4      | Killed from afar by an orc priest

Skill      XL: |  1  2  3  4  5  6 |
---------------+-------------------+-----
Fighting       | 4 5 |  5.3
Long Blades    | 3 4 5 |  5.3
Armour         | 3 4 |  4.1
Invocations    | 2 3 |  3.1
Dodging        | 2 3 |  3.0

Action                   |  1- 3 |  4- 6 || total
-------------------------+-------+-------++-------
Melee: Falchion          |    66 |   123 ||   189
       Headbutt          |    12 |    32 ||    44
Throw: Tomahawk          |       |     1 ||     1
Invok: Depart the Abyss  |     1 |       ||     1
       Bend Space        |       |     1 ||     1
  Use: Scroll            |       |    12 ||    12
       Potion            |       |     2 ||     2
  Eat: Chunk             |     2 |     9 ||    11
Armor: Ring mail         |    35 |    50 ||    85
Dodge: Dodged            |    54 |    79 ||   133
       Rpst.: Falchion   |    14 |    22 ||    36
